AoeStats
← 3530147877

Black Forest

509595404Analyzed
4v4 RM · 5d ago on Sep 27, 2026· 56m 4s· 8 players
Game mode
Random Map
Map size
Large (8 player)
Population
200
Speed
Normal
Resources
Standard
Victory
Conquest
Starting age
Dark Age
Ending age
Imperial Age
RankedLock teamsTeams togetherTeam positionsShared explorationLock speedFull tech treeHidden civsTurbo modeCheats
Victory
Defeat
🇮🇹 Persians · Italy
746
+19
🇩🇪 Vikings · Germany
556
+25
🇨🇳 Burgundians · China
521
+26
🇲🇽 Sicilians · Mexico
403
+30
🇨🇳 Huns · China
873
-27
🇬🇧 Turks · United Kingdom
827
-26
🇳🇱 Spanish · Netherlands
740
-50
🇨🇳 Poles · China
714
-23
eduardolucifer30
0:32 Loom
13:01 Feudal Age
19:20 Horse Collar
21:35 Gold Mining
29:08 Stone Mining
31:33 Castle Age
30:50 Wheelbarrow
31:17 Scale Mail Armor
32:25 Caravan
33:03 Coinage
32:50 Forging
34:47 Heavy Plow
34:38 Double-Bit Axe
36:58 Hand Cart
39:49 Bow Saw
39:30 Light Cavalry
43:04 Bloodlines
42:37 Crossbowman
54:12 Scale Barding Armor
54:12 Husbandry
56:59 Imperial Age
OgerVomAltschauerberg8
0:45 Loom
12:54 Feudal Age
16:51 Castle Age
15:15 Double-Bit Axe
16:11 Horse Collar
20:27 Bow Saw
20:20 Heavy Plow
26:20 Stone Mining
29:06 Imperial Age
26:23 Town Watch
28:26 Town Patrol
28:29 Gold Mining
32:04 Forging
31:54 Scale Mail Armor
32:55 Gold Shaft Mining
33:53 Two-Man Saw
33:38 Iron Casting
33:40 Chain Mail Armor
32:59 Elite Varangian Guard
33:40 Squires
33:26 Arson
36:05 Conscription
35:48 Chieftains
36:06 Treadmill Crane
37:32 Chemistry
36:38 Siege Engineers
38:22 Blast Furnace
37:53 Plate Mail Armor
38:16 Crop Rotation
42:24 Onager
Kanmuru92
9:31 Feudal Age
9:58 Double-Bit Axe
9:55 Horse Collar
13:03 Gold Mining
13:46 Stone Mining
20:24 Castle Age
20:04 Wheelbarrow
20:52 Padded Archer Armor
20:58 Heavy Plow
21:11 Bow Saw
21:39 Stone Shaft Mining
21:57 Gold Shaft Mining
22:48 Caravan
23:01 Scale Barding Armor
22:50 Town Watch
25:27 Loom
26:07 Hand Cart
25:54 Town Patrol
26:27 Husbandry
26:51 Devotion
28:36 Ballistics
28:36 Kamandaran
35:37 Imperial Age
32:32 Crossbowman
33:17 Thumb Ring
33:38 Leather Archer Armor
33:14 Fletching
33:45 Chain Barding Armor
33:38 Forging
34:18 Murder Holes
34:34 Masonry
36:52 Elite War Elephant
37:43 Citadels
40:47 Two-Man Saw
43:43 Heavy Camel Rider
46:45 Ring Archer Armor
49:11 Bodkin Arrow
3530147877
0:58 Loom
13:24 Feudal Age
12:58 Double-Bit Axe
13:06 Horse Collar
14:45 Wheelbarrow
14:28 Bow Saw
15:53 Hand Cart
22:51 Castle Age
21:40 Heavy Plow
26:03 Stone Mining
26:04 Gold Mining
27:45 Two-Man Saw
27:33 Crop Rotation
31:34 Arson
31:50 Squires
31:15 Pikeman
32:48 Burgundian Vineyards
32:59 Man-at-Arms
39:18 Imperial Age
36:34 Town Watch
38:07 Gold Shaft Mining
40:28 Conscription
39:40 Flemish Revolution
41:00 Stone Shaft Mining
40:42 Elite Coustillier
48:52 Onager
Pudgwes
15:09 Feudal Age
14:00 Loom
18:26 Horse Collar
22:19 Forging
22:12 Scale Mail Armor
22:13 Padded Archer Armor
22:21 Scale Barding Armor
22:07 Fletching
22:19 Fishing Lines
23:01 Gold Mining
23:01 Stone Mining
31:38 Castle Age
30:14 Wheelbarrow
29:25 Town Watch
31:32 Man-at-Arms
32:56 Iron Casting
32:37 Chain Mail Armor
32:42 Chain Barding Armor
32:18 Bodkin Arrow
32:39 Leather Archer Armor
32:45 Gambesons
32:21 Long Swordsman
34:09 Stone Shaft Mining
32:59 Elite Skirmisher
33:03 Pikeman
35:01 Thumb Ring
36:18 Guard Tower
38:02 Fortified Wall
37:57 Murder Holes
40:15 Masonry
40:11 Siphons
40:59 Heavy Plow
40:47 Double-Bit Axe
43:43 Gillnets
46:31 Husbandry
46:42 Bloodlines
46:57 Squires
天下為公
1:54 Loom
14:40 Feudal Age
16:41 Horse Collar
16:48 Double-Bit Axe
16:57 Gold Mining
16:58 Stone Mining
24:02 Castle Age
23:09 Forging
23:04 Scale Barding Armor
23:14 Bloodlines
25:40 Heavy Plow
25:57 Bow Saw
25:24 Light Cavalry
26:05 Husbandry
26:35 Chain Barding Armor
26:51 Iron Casting
33:37 Wheelbarrow
36:01 Imperial Age
34:30 Stone Shaft Mining
34:39 Hand Cart
37:08 Lechitic Legacy
37:09 Conscription
37:37 Winged Hussar
43:58 Town Watch
47:12 Town Patrol
小闪酱
0:52 Loom
11:15 Feudal Age
19:11 Castle Age
18:14 Double-Bit Axe
18:11 Horse Collar
18:24 Gold Mining
18:25 Stone Mining
32:59 Imperial Age
31:49 Marauders
32:25 Ballistics
32:46 Bloodlines
32:39 Husbandry
33:32 Bow Saw
33:23 Heavy Plow
34:07 Gold Shaft Mining
33:03 Elite Tarkan
34:12 Conscription
37:31 Forging
37:26 Scale Barding Armor
39:31 Chemistry
47:25 Iron Casting
47:10 Chain Barding Armor
Miss Priss
1:13 Loom
12:13 Feudal Age
16:35 Wheelbarrow
15:59 Double-Bit Axe
20:58 Castle Age
21:04 Scale Mail Armor
20:48 Horse Collar
21:01 Gold Mining
21:05 Stone Mining
22:57 Hand Cart
26:20 Bow Saw
26:05 Town Watch
26:19 Fishing Lines
29:27 Gold Shaft Mining
29:02 Padded Archer Armor
29:20 Chain Mail Armor
29:19 Caravan
31:39 Gillnets
31:55 Heavy Plow
36:27 Imperial Age
33:37 Man-at-Arms
34:18 Squires
34:04 Arson
34:36 Forging
34:32 Scale Barding Armor
34:27 Padded Archer Armor
34:18 Fletching
35:28 Long Swordsman
36:57 Fortified Wall
38:00 Bombard Tower
39:25 Ballistics
38:50 Elite Janissary
39:54 Conscription
40:14 Hoardings
39:59 Leather Archer Armor
40:24 Plate Mail Armor
42:22 Two-Handed Swordsman
44:46 Iron Casting
44:32 Chain Barding Armor
44:19 Bodkin Arrow
44:41 Leather Archer Armor
46:51 Champion
Connection lost

Rejoining the realm…

Still unreachable

The connection could not be restored.

Session expired

The server has moved on; the page needs a fresh start.